 Dungeon Crawl Stone Soup version 0.26-a0-6-g448add79b7 (webtiles) character file.

Game seed: 17403008742863682569, levelgen mode: deterministic

12 P0NYSLAYSTATION the Skirmisher (level 2, -1/27 HPs)
             Began as a Minotaur Monk on May 24, 2020.
             Slain by a crimson imp (2 damage)
             ... on level 3 of the Dungeon.
             The game lasted 00:01:13 (244 turns).

P0NYSLAYSTATION the Skirmisher (Minotaur Monk)       Turns: 244, Time: 00:01:14

Health: -1/27      AC:  2    Str: 15    XL:     2   Next: 20%
Magic:  1/1        EV: 13    Int:  7    God:
Gold:   36         SH:  0    Dex: 12    Spells: 1/1 levels left

rFire    . . .     SeeInvis .   a - +0 mace
rCold    . . .     Gourm    .   (no shield)
rNeg     . . .     Faith    .   b - +0 robe
rPois    .         Spirit   .   (helmet restricted)
rElec    .         Reflect  .   (no cloak)
rCorr    .         Harm     .   (no gloves)
MR       .....                  (no boots)
Stlth    ++........             (no amulet)
HPRegen  0.09/turn              (no ring)
MPRegen  0.07/turn              (no ring)

@: no status effects
A: retaliatory headbutt, horns 2
a: no special abilities


You were on level 3 of the Dungeon.
You were not hungry.

You visited 1 branch of the dungeon, and saw 3 of its levels.

You collected 36 gold pieces.

Inventory:

Hand Weapons
 a - a +0 mace (weapon)
Armour
 b - a +0 robe (worn)
Scrolls
 d - a scroll of teleportation {unknown}
 e - a scroll of remove curse {unknown}
 i - a scroll of identify {unknown}
Potions
 f - a potion of degeneration {unknown}
 h - 2 potions of haste {unknown}
Comestibles
 c - 3 rations
 g - 4 chunks of flesh


   Skills:
 + Level 3.8 Fighting
 + Level 3.8 Maces & Flails
 + Level 3.6 Dodging
 + Level 1.8 Stealth


You had one spell level left.
You didn't know any spells.
Your spell library was empty.

Dungeon Overview and Level Annotations

Branches:
Dungeon (3/15)

Altars:
Ashenzari
Kikubaaqudgha
Makhleb
Xom

Annotations:
D:3 Ijyb


Innate Abilities, Weirdness & Mutations

You reflexively headbutt those who attack you in melee.
You have a pair of horns on your head.


Message History

You are too injured to fight recklessly!
You are too injured to fight recklessly!
You are too injured to fight recklessly!
You are too injured to fight recklessly!
You are too injured to fight recklessly!
You are too injured to fight recklessly!
You are too injured to fight recklessly!
You are too injured to fight recklessly!
You are too injured to fight recklessly!
You are too injured to fight recklessly!
You are too injured to fight recklessly!
You are too injured to fight recklessly!
You are too injured to fight recklessly!
You are too injured to fight recklessly!
You are too injured to fight recklessly!
You are too injured to fight recklessly!
You are too injured to fight recklessly!
You are too injured to fight recklessly!
You open the door. The crimson imp barely misses you. The crimson imp hits you.
You die...

##..... ...## ..
....# #. #.#..# #.#
..##.# .. ####..#
#.## # #..# ??# #..##
####'#### #..#
#.^5@.^.#
####.######5b5###
#####....(..#.^.5.^.#
............####'####
.....(.(.......#.#
.#########.......# .#
##_## #########
.##8...8# .##.....#


You could see 4 crimson imps and a bat.

Vanquished Creatures
  An adder (D:2)
  A giant cockroach (D:2)
  A kobold (D:3)
  A bat (D:2)
4 creatures vanquished.

Notes
Turn   | Place    | Note
-------+----------+-------------------------------------------
     0 | D:1      | P0NYSLAYSTATION the Minotaur Monk began the quest for the
                  | Orb.
     0 | D:1      | Reached XP level 1. HP: 19/19 MP: 0/0
   154 | D:2      | Reached XP level 2. HP: 27/27 MP: 1/1
   206 | D:3      | Noticed Ijyb
   219 | D:3      | Found a shattered altar of Ashenzari.
   220 | D:3      | Found an ancient bone altar of Kikubaaqudgha.
   223 | D:3      | Found a burning altar of Makhleb.
   240 | D:3      | Found a shimmering altar of Xom.
   241 | D:3      | Noticed a crimson imp
   241 | D:3      | Noticed a crimson imp
   241 | D:3      | Noticed a crimson imp
   242 | D:3      | Noticed a crimson imp
   243 | D:3      | HP: 1/27 [crimson imp/+0 dagger of chaos (16)]
   244 | D:3      | Slain by a crimson imp

Illustrated notes

Levels and vault maps discovered:
D:1:      minmay_arrival_solitary_statue, layout_basic, st_stairs_6
D:2:      layout_basic, kennysheep_generic_room_12
D:3:      layout_rooms, nicolae_overflow_hidden_temple, lemuel_crystal_altar,
          grunt_temple_overflow_open, led_xom_imps, uniq_ijyb

Action                   || total
-------------------------++-------
Melee: Mace              ||     9
       Headbutt          ||     1
 Stab: Sleeping          ||     1
Armor: Robe              ||     3
Dodge: Dodged            ||     9

Table legend:
 A = Non-vault XP
 B = Vault XP
 C = Vault XP percentage of total XP
 D = Non-vault monster count
 E = Vault monster count
 F = Vault count percentage of total count
                 A         B        C        D         E       F
            +---------+---------+-------+---------+---------+-------
      Total |       5 |      13 |  72.2 |       3 |       1 |  25.0
            +---------+---------+-------+---------+---------+-------
        D:2 |       3 |      13 |  81.2 |       2 |       1 |  33.3
        D:3 |       2 |       0 |   0.0 |       1 |       0 |   0.0
            +---------+---------+-------+---------+---------+-------
